 Dungeon Crawl Stone Soup version 0.32-a0-818-gb728d0252e (webtiles) character file.

Game seed: 3336597464583293654

236900 SteppeLynx the Metamorph (level 18, -9/211 HPs)
             Began as a Purple Draconian Delver on Mar 23, 2024.
             Was the Champion of Nemelex Xobeh.
             Mangled by a faun
             ... wielding a +0 spear
              (25 damage)
             ... on level 2 of the Shoals.
             The game lasted 01:03:12 (39839 turns).

SteppeLynx the Metamorph (Purple Draconian Delver) Turns: 39839, Time: 01:03:12

Health: -9/211     AC: 39    Str: 20    XL:     18   Next: 95%
Magic:  24/24      EV: 20    Int: 12    God:    Nemelex Xobeh [******]
Gold:   2995       SH:  5    Dex: 14    Spells: 17/17 levels left

rFire   . .          .
                       - Unarmed
rCold   . . .        (no shield)
rNeg    + . .        (body armour unavailable)
rPois   ∞            (helmet restricted)
rElec   +            x - +2 cloak
rCorr   .            G - melded +0 pair of gloves
SInv    .            c - melded +0 pair of boots {Fly}
Will    +....        Y - amulet of reflection
Stlth   +++          v - +4 ring of protection
HPRegen 0.55/turn    C - +5 ring of evasion
MPRegen 0.19/turn

%: reflection
@: statue-form, weak-willed, very slow
A: slow and powerful, torment resistance 1, boosted hp, (nullifying breath), AC
+10, unfitting armour, cold-blooded, hooves 1
}: 1/15 runes: serpentine
a: Begin Untransformation, Renounce Religion, Draw Escape, Draw Destruction,
Draw Summoning, Draw Stack, Triple Draw, Deal Four, Stack Five


You were on level 2 of the Shoals.
You worshipped Nemelex Xobeh.
Nemelex Xobeh was exalted by your worship.
You were a living statue of rough stone.
You visited 6 branches of the dungeon, and saw 29 of its levels.
You visited 1 bazaar.

You collected 4421 gold pieces.
You spent 1426 gold pieces at shops.

Inventory:

Armour
 c - a +0 pair of boots of flying (melded)
 j - a +2 pair of gloves
 x - a +2 cloak (worn)
 G - a +0 pair of gloves (melded)
 U - the +0 cloak of the Thief {Quiet Slay-3 SInv Stlth+}
   (You found it on level 11 of the Dungeon)

   Quiet:     All noise in your surroundings is dampened.
   Slay-3:    It affects your accuracy & damage with ranged weapons and melee
   (-3).
   SInv:      It lets you see invisible.
   Stlth+:    It makes you more stealthy.
Jewellery
 n - a ring of resist corrosion
 v - a +4 ring of protection (left fist)
 C - a +5 ring of evasion (right fist)
 E - the ring "Esuivyask" {Ice +Blink Str+3}
   (You found it on level 9 of the Dungeon)

   [ring of ice]

   Ice:       It enhances your ice magic.
   Str+3:     It affects your strength (+3).
   rF-:       It makes you vulnerable to fire.
   rC+:       It protects you from cold.
   +Blink:    It lets you blink.
 H - an amulet of magic regeneration
 J - a ring of protection from cold
 Y - an amulet of reflection (around neck)
 Z - the ring of Yskar {*Slow rElec rPois rF++}
   (You acquired it on level 12 of the Dungeon)

   [ring of poison resistance]

   rF++:      It greatly protects you from fire.
   rElec:     It insulates you from electricity.
   rPois:     It protects you from poison.
   *Slow:     It may slow you when you take damage.
Talismans
 A - a granite talisman (active)
Wands
 e - a wand of digging (10)
 i - a wand of roots (12)
 M - a wand of paralysis (11)
Scrolls
 b - 6 scrolls of revelation {@r5}
 g - 11 scrolls of teleportation {@r3}
 o - 4 scrolls of fear
 s - 2 scrolls of brand weapon
 u - 5 scrolls of blinking {@r4}
 y - 5 scrolls of vulnerability {!r}
 z - a scroll of fog {@r2}
 B - 5 scrolls of amnesia
 D - 7 scrolls of enchant armour
 I - 2 scrolls of summoning {!r}
 K - a scroll of poison {unknown}
 Q - 5 scrolls of immolation
 S - 2 scrolls of acquirement
 W - 10 scrolls of identify {@r1}
 X - 4 scrolls of enchant weapon
Potions
 a - 2 potions of might {@q3}
 d - a potion of magic
 f - 9 potions of brilliance
 h - 8 potions of ambrosia
 k - 6 potions of mutation
 l - 7 potions of curing {@q2}
 m - a potion of attraction
 p - 4 potions of enlightenment
 q - 5 potions of degeneration
 r - 7 potions of heal wounds {@q1}
 w - 4 potions of haste {@q5}
 F - a potion of invisibility
 N - 3 potions of lignification
 P - 3 potions of resistance
 T - 3 potions of cancellation
Miscellaneous
 t - a phial of floods
 L - a phantom mirror
 O - a box of beasts
 R - a lightning rod (4/4)
 V - a condenser vane


   Skills:
 - Level 15.3 Fighting
 - Level 9.2 Dodging
 - Level 4.9 Stealth
 - Level 18.4 Unarmed Combat
 - Level 9.0 Invocations
 * Level 20.8 Shapeshifting


You had 17 spell levels left.
You didn't know any spells.
Your spell library contained the following spells:

 Spells                   Type           Power      Damage    Failure   Level
 Magic Dart               Conj           0%         1d3       32%         1
 Shock                    Conj/Air       0%         1d3       32%         1
 Sting                    Conj/Alch      0%         1d3       32%         1
 Summon Small Mammal      Summ           0%         N/A       32%         1
 Blink                    Tloc           0%         N/A       45%         2
 Call Imp                 Summ           0%         N/A       45%         2
 Cigotuvi's Dreadful Rot  Necr/Alch/Air  0%         N/A       45%         2
 Mercury Vapours          Alch/Air       0%         N/A       45%         2
 Searing Ray              Conj           0%         2d4       45%         2
 Static Discharge         Conj/Air       0%         3-3/arc   45%         2
 Call Canine Familiar     Summ           0%         N/A       69%         3
 Hailstorm                Conj/Ice       0%         3d5       69%         3
 Inner Flame              Hex/Fire       0%         N/A       69%         3
 Mephitic Cloud           Conj/Alch/Air  0%         N/A       69%         3
 Sigil of Binding         Hex            0%         N/A       69%         3
 Summon Ice Beast         Ice/Summ       0%         N/A       69%         3
 Swiftness                Air            0%         N/A       69%         3
 Volatile Blastmotes      Fire/Tloc      0%         2d10      69%         3
 Airstrike                Air            0%         2d(0-16)  97%         4
 Dispel Undead            Necr           0%         3d6       97%         4
 Flame Wave               Conj/Fire      0%         2d4       97%         4
 Fulminant Prism          Conj/Alch      0%         3d5       97%         4
 Iskenderun's Mystic Bla  Conj/Tloc      0%         2d3       97%         4
 Martyr's Knell           Necr/Summ      0%         N/A       97%         4
 Olgreb's Toxic Radiance  Alch           0%         N/A       97%         4
 Sticky Flame             Fire/Alch      0%         2d4       97%         4
 Summon Blazeheart Golem  Fire/Summ      0%         N/A       97%         4
 Summon Lightning Spire   Summ/Air       0%         N/A       97%         4
 Freezing Cloud           Conj/Ice/Air   0%         6-21      100%        5
 Iskenderun's Battlesphe  Conj           0%         2d6       100%        5
 Summon Forest            Summ/Tloc      0%         N/A       100%        5
 Summon Mana Viper        Hex/Summ       0%         N/A       100%        5
 Bombard                  Conj/Erth      0%         9d1       100%        6
 Conjure Ball Lightning   Conj/Air       0%         3x3d6     100%        6
 Death Channel            Necr           0%         N/A       100%        6
 Permafrost Eruption      Ice/Erth       0%         2x4d2     100%        6
 Sculpt Simulacrum        Ice/Alch       0%         N/A       100%        6
 Summon Cactus Giant      Summ           0%         N/A       100%        6
 Spellforged Servitor     Conj/Summ      0%         N/A       100%        7
 Summon Hydra             Summ           0%         N/A       100%        7
 Discord                  Hex            0%         N/A       100%        8
 Disjunction              Tloc           0%         N/A       100%        8
 Sublimation of Blood     Necr           Unusable   N/A       N/A         2

Dungeon Overview and Level Annotations

Branches:
Dungeon (15/15)            Temple (1/1) D:4            Lair (5/5) D:11
 Shoals (2/4) Lair:2        Snake (4/4) Lair:3        Slime (0/5) Lair:4
    Orc (2/2) D:11            Elf (0/3) Orc:2        Vaults (0/5) D:14
 Depths (0/4) D:15

Altars:
Ashenzari
Cheibriados
Dithmenos
Elyvilon
Fedhas
Gozag
Hepliaklqana
Kikubaaqudgha
Makhleb
Nemelex Xobeh
Okawaru
Qazlal
Ru
Sif Muna
Trog
Uskayaw
Vehumet
Wu Jian
Xom
Yredelemnul
Zin
The Shining One

Shops:
D:11 [([   Orc:1 (   Orc:2 *[:(   Snake:3 *[[   Snake:4 *

Portals:
Hell: Lair:5


Innate Abilities, Weirdness & Mutations

You are a living statue of rough stone.
Your actions are slow, but your melee attacks are powerful.
You are resistant to unholy torment.
Your maximum health is greatly increased.
Your equipment is partially melded.
((You can breathe blasts of antimagic.))
((Your rich purple scales are hard. (AC +10)))
You cannot fit into any form of body armour.
You are immune to poison.
You are cold-blooded and may be slowed by cold attacks.
You have large cloven feet.


Message History

You feel much better.
A faun comes into view. It is wielding a +0 spear.
The faun shoots a sling bullet.
The sling bullet hits you but does no damage.
The faun hits you but does no damage.
The merfolk siren chants its luring song.
A faun comes into view. It is wielding a +0 club.
The faun hits you but does no damage.
You feel much better.
The merfolk siren chants its luring song.
The satyr shoots an arrow.
You block the arrow with an invisible shield... and reflect it back!
The arrow completely misses the satyr.
The arrow barely misses the faun.
The faun hits you with a +0 quarterstaff!!
* * * LOW HITPOINT WARNING * * *
The merfolk siren chants its luring song.
You pummel the merfolk siren!!
You break out of your daze!
You kill the merfolk siren!
A faun comes into view. It is wielding a +0 club.
The faun unwields a +2 sling of flaming.
It stops flaming.
The faun wields a +0 spear.
The faun closely misses you.
The faun hits you with a +0 quarterstaff!
* * * LOW HITPOINT WARNING * * *
The faun shouts!
You punch the faun! You kick the faun.
The faun is moderately wounded.
The satyr shoots an arrow.
The arrow hits you!
* * * LOW HITPOINT WARNING * * *
The faun hits you with a +0 quarterstaff!
* * * LOW HITPOINT WARNING * * *
The faun completely misses you.
Unknown command.
You feel much better.
The satyr shoots an arrow.
The arrow completely misses you.
The faun hits you with a +0 quarterstaff!!
* * * LOW HITPOINT WARNING * * *
The faun hits you with a +0 spear!!
You die...
Your body disappears without a glow.

≈≈≈~~~~~~~~~~... ###...~~≈≈
≈≈≈≈~~~~..~~~.####<....~~≈≈
≈≈≈≈≈~~~.~.....##.....)~~≈≈
≈≈≈≈≈≈~~~~....##......~.~≈≈
≈≈≈≈≈~~~))...###.......~~≈≈
≈≈≈≈≈~~.~...........##..~≈≈
≈≈≈≈≈~)~....###..~~.##..~~~
≈≈≈≈≈≈~).).####........~~..
≈≈≈≈≈≈~~.cIc##.........~~..
≈≈≈≈≈≈~~~.)c##..≈≈≈~~~~~~..
≈≈≈≈≈≈≈~~.......≈≈≈≈~~~..
≈≈≈≈≈≈≈~~~...>..~~≈~~..~.
≈≈≈≈≈≈≈~~~~...cc~.~~~~..~
≈≈≈≈≈≈≈≈~~~~~~~~~.~~~~~~~
≈≈≈≈≈≈≈≈~~~~~~~~~~~~.~~~
≈≈≈≈≈≈≈≈≈≈≈≈~~~~~..~
≈≈≈≈≈≈≈≈≈≈≈≈≈~~~..


You could see a satyr and 4 fauns.

Vanquished Creatures
  Vashnia (Snake:4)
  Roxanne (Snake:4)
  Aizul (Snake:1)
  6 nagarajas (Snake:4)
  A ghost moth (Lair:3)
  A very ugly thing (D:15)
  2 orc warlords (Orc:2)
  An ironbound thunderhulk (D:14)
  The ghost of jt the Severer, a journeyman CoGl of Yredelemnul (Lair:5)
  The ghost of Anuggach the Carver, a journeyman CoWr of Okawaru (Lair:5)
  The ghost of Mll the Blocker, a journeyman MiFi of Okawaru (D:11)
  3 merfolk impalers
  A vault guard (D:14)
  2 salamander tyrants
  A hell beast (Lair:5)
  5 hydras
  An ogre mage (D:15)
  8 anacondas
  3 boulder beetles
  Erica (D:9)
  A merfolk avatar (Shoals:2)
  3 centaur warriors (D:15)
  5 two-headed ogres
  A merfolk aquamancer (Shoals:2)
  14 death yaks
  A satyr (Shoals:2)
  4 tengu warriors
  17 naga warriors
  4 orc high priests (Orc:2)
  An occultist (Lair:5)
  9 naga sharpshooters
  9 shock serpents
  3 salamander mystics
  3 skysharks
  8 skeletal warriors (D:15)
  A deep troll (shapeshifter) (D:15)
  4 mana vipers
  A sea snake (Shoals:2)
  A sun moth (Shoals:2)
  3 naga ritualists
  3 harpies (Shoals:1)
  A lindwurm (Lair:5)
  4 orc knights
  3 orc sorcerers (Orc:2)
  8 cyclopes
  5 deep elf pyromancers
  33 ugly things
  3 fauns (Shoals:1)
  9 manticores
  2 elephants (Lair:5)
  A salamander (shapeshifter) (D:13)
  6 merfolk sirens
  17 salamanders
  11 guardian serpents
  24 black mambas
  2 kobold blastminers (Orc:1)
  A cane toad (shapeshifter) (D:11)
  14 naga magi
  An ice statue (Lair:5)
  A water nymph (D:15)
  8 cane toads
  2 orange demons (Lair:5)
  A kobold demonologist (D:9)
  Jeremiah (Lair:1)
  3 ice devils (Lair:5)
  3 unseen horrors
  2 gargoyles
  6 rime drakes
  9 komodo dragons
  A tengu conjurer (D:15)
  6 merfolk (Shoals:2)
  3 queen bees
  7 trolls
  A troll (shapeshifter) (D:11)
  2 hornets
  A hellwing (Lair:5)
  2 polar bears
  15 blink frogs
  A snapping turtle (Shoals:1)
  9 dream sheep
  A raiju (shapeshifter) (D:14)
  Sigmund (D:2)
  25 slime creatures
  3 shadows (D:10)
  66 yaks
  2 water elementals
  2 vampires
  A culicivora (shapeshifter) (D:13)
  3 wyverns
  A spriggan (Snake:3)
  3 fire bats
  A human (D:15)
  4 wargs
  A golden eye (shapeshifter) (D:11)
  4 steam dragons
  4 basilisks
  2 neqoxecs (D:11)
  4 vampire mosquitoes
  Menkaure (D:7)
  38 nagas
  Edmund (D:6)
  15 water moccasins
  Duvessa (D:7)
  4 hell hounds (Lair:5)
  9 ice beasts
  42 orc warriors
  2 sky beasts (D:7)
  A tengu (Snake:3)
  2 black bears
  3 ogres
  13 wolves
  11 centaurs
  10 kobold brigands
  A lemure (Lair:5)
  8 bullfrogs
  2 gnoll sergeants
  2 scorpions (D:4)
  14 wights
  Dowan (D:7)
  25 killer bees
  3 howler monkeys (D:11)
  2 electric eels (Lair:3)
  A crimson imp (D:3)
  3 hounds
  19 orc priests
  4 bombardier beetles
  Crazy Yiuf (D:2)
  2 iguanas
  6 hell rats (Lair:5)
  3 scrub nettles (Lair:3)
  A sleepcap (D:8)
  33 orc wizards
  8 adders
  9 gnolls
  3 shadow imps
  6 white imps
  4 ufetubi (D:6)
  3 dart slugs
  2 ribbon worms
  77 orcs
  5 ball pythons
  5 bats
  7 endoplasms
  3 giant cockroaches
  11 goblins
  6 hobgoblins
  13 jackals
  64 kobolds
  8 quokkas
  3 frilled lizards
  A goblin skeleton (D:3)
  2 goblin zombies (D:3)
  A hobgoblin zombie (D:3)
  11 kobold skeletons (D:9)
  7 kobold zombies (D:9)
  An orc skeleton (D:3)
  An orc zombie (D:3)
  5 rats
1045 creatures vanquished.

Vanquished Creatures (collateral kills)
  4 naga sharpshooters (Snake:4)
  A naga warrior (Snake:4)
  A naga ritualist (Snake:4)
  A salamander (Snake:4)
  2 naga magi (Snake:4)
  A blink frog (Lair:1)
  A naga (Snake:4)
11 creatures vanquished.

Vanquished Creatures (others)
  An orc wizard (Orc:1)
  An orc (Orc:1)
2 creatures vanquished.

Grand Total: 1058 creatures vanquished

Notes
Turn   | Place    | Note
-------+----------+-------------------------------------------
     0 | D:5      | SteppeLynx the Draconian Delver began the quest for the
                  | Orb.
     0 | D:5      | Reached XP level 1. HP: 19/19 MP: 1/1
    61 | D:4      | Noticed an iguana
    63 | D:4      | Noticed a scorpion
   159 | D:4      | Noticed a scorpion
   267 | D:2      | Reached XP level 2. HP: 17/26 MP: 2/2
   605 | D:1      | Reached XP level 3. HP: 31/31 MP: 3/3
   768 | D:1      | Found a faded altar of an unknown god.
  1308 | D:2      | Noticed Sigmund
  1432 | D:2      | Reached XP level 4. HP: 26/38 MP: 4/4
  1556 | D:2      | Killed Sigmund
  1557 | D:2      | Reached skill level 5 in Unarmed Combat
  1557 | D:2      | Reached XP level 5. HP: 23/45 MP: 5/5
  1804 | D:2      | Found a runed translucent door.
  1805 | D:2      | Noticed Crazy Yiuf
  2068 | D:3      | Identified the +3 great mace of the Fulmar {speed, +Blink
                  | Will+}
  2117 | D:3      | Found a glowing golden altar of the Shining One.
  2143 | D:3      | Reached XP level 6. HP: 51/51 MP: 6/6
  3404 | D:4      | Found a staircase to the Ecumenical Temple.
  3589 | D:4      | Your scales start taking on a rich purple colour.
  3589 | D:4      | Reached XP level 7. HP: 48/57 MP: 7/7
  4020 | Temple   | Entered the Ecumenical Temple
  4035 | Temple   | Became a worshipper of Nemelex Xobeh the Trickster
  4142 | D:5      | Found an ornate altar of the Wu Jian Council.
  4198 | D:5      | Found an iron altar of Okawaru.
  4550 | D:5      | Found a shadowy altar of Dithmenos.
  4996 | D:6      | Reached skill level 1 in Shapeshifting
  4996 | D:6      | Reached XP level 8. HP: 63/63 MP: 8/8
  5243 | D:6      | Noticed Edmund
  5262 | D:6      | Killed Edmund
  5524 | D:6      | Reached * piety under Nemelex Xobeh
  5558 | D:6      | Identified a scroll of acquirement
  5558 | D:6      | Acquired a +4 ring of protection
  5630 | D:7      | Reached skill level 2 in Shapeshifting
  5914 | D:7      | Received a gift from Nemelex Xobeh
  5957 | D:7      | Noticed Menkaure
  6073 | D:7      | Reached skill level 3 in Shapeshifting
  6126 | D:7      | Noticed Duvessa
  6127 | D:7      | Killed Menkaure
  6127 | D:7      | Killed Duvessa
  6127 | D:7      | Killed Dowan
  6128 | D:7      | Reached skill level 10 in Unarmed Combat
  6128 | D:7      | Reached skill level 4 in Shapeshifting
  6153 | D:7      | Reached skill level 5 in Shapeshifting
  6286 | D:7      | Reached XP level 9. HP: 59/69 MP: 9/9
  6516 | D:7      | Reached skill level 6 in Shapeshifting
  6921 | D:8      | Reached skill level 7 in Shapeshifting
  6961 | D:8      | Reached skill level 1 in Invocations
  7515 | D:8      | Reached skill level 5 in Fighting
  7842 | D:8      | Received a gift from Nemelex Xobeh
  8041 | D:9      | Identified the +1 quarterstaff "Birangul" {freeze, rElec
                  | Dex+2}
  8081 | D:9      | Found a radiant altar of Vehumet.
  8091 | D:9      | Found an ancient bone altar of Kikubaaqudgha.
  8098 | D:9      | Found a shimmering blue altar of Sif Muna.
  8193 | D:9      | Noticed a troll
  8195 | D:9      | Killed a troll
  8196 | D:9      | Reached XP level 10. HP: 82/82 MP: 11/13
  8212 | D:9      | Reached ** piety under Nemelex Xobeh
  8214 | D:9      | Identified the ring "Esuivyask" {Ice +Blink Str+3}
  8222 | D:9      | Noticed Erica
  8223 | D:9      | Identified the -1 hand axe of Ignis's Brutal Revenge
                  | {freeze, Int+4}
  8265 | D:9      | Killed Erica
  8421 | D:9      | Reached skill level 5 in Invocations
  8819 | D:9      | Reached skill level 5 in Dodging
  8978 | D:9      | Reached skill level 8 in Shapeshifting
  9220 | D:9      | Found an ancient bone altar of Kikubaaqudgha.
  9426 | D:9      | Noticed an orange demon
  9501 | D:10     | Entered Level 10 of the Dungeon
  9740 | D:10     | Reached XP level 11. HP: 68/95 MP: 14/14
 10648 | D:11     | Reached skill level 9 in Shapeshifting
 10712 | D:11     | Found Tyohub's Antique Armour Boutique.
 10719 | D:11     | Bought a pair of embroidered boots for 217 gold pieces
 10738 | D:11     | Noticed a two-headed ogre
 10901 | D:11     | Killed a two-headed ogre
 10902 | D:11     | Reached skill level 10 in Fighting
 11028 | D:11     | Found Fuickipt's Weapon Shoppe.
 11032 | D:11     | Noticed a cyan ugly thing
 11298 | D:11     | Killed a purple ugly thing
 11299 | D:11     | Reached skill level 10 in Shapeshifting
 11600 | D:11     | Found a staircase to the Orcish Mines.
 11604 | D:11     | Found Amot's Armour Shoppe.
 11620 | D:11     | Reached *** piety under Nemelex Xobeh
 11639 | D:11     | Found an iron altar of Okawaru.
 11736 | D:11     | Found a runed translucent gate.
 11737 | D:11     | Found a runed translucent gate.
 11737 | D:11     | Found a runed translucent gate.
 11738 | D:11     | Noticed a white ugly thing
 11738 | D:11     | Noticed a green ugly thing
 11739 | D:11     | Noticed a brown ugly thing
 11739 | D:11     | Noticed a glowing orange brain
 11739 | D:11     | Noticed a brown ugly thing
 12432 | D:11     | Received a gift from Nemelex Xobeh
 12433 | D:11     | Found a staircase to the Lair.
 12834 | D:11     | Reached XP level 12. HP: 106/106 MP: 15/15
 13325 | D:2      | Killed Crazy Yiuf
 13591 | Lair:1   | Entered Level 1 of the Lair of Beasts
 13903 | Lair:1   | Received a gift from Nemelex Xobeh
 14048 | Lair:1   | Reached **** piety under Nemelex Xobeh
 14307 | Lair:1   | Noticed Jeremiah
 14316 | Lair:1   | Killed Jeremiah
 14903 | Lair:2   | Received a gift from Nemelex Xobeh
 14960 | Lair:2   | Found a staircase to the Shoals.
 15149 | Lair:2   | Reached skill level 15 in Unarmed Combat
 15292 | Lair:2   | Noticed a seven-headed hydra
 15300 | Lair:2   | Killed a seven-headed hydra
 15565 | Lair:2   | Received a gift from Nemelex Xobeh
 15974 | Lair:3   | Noticed Rupert
 15974 | Lair:3   | Noticed a boulder beetle
 16171 | Lair:2   | Killed a boulder beetle
 16286 | Lair:3   | Rupert changed into something unseen
 16355 | Lair:3   | Noticed Rupert
 16364 | Lair:3   | Killed Rupert the ghost moth
 16626 | Lair:3   | Reached XP level 13. HP: 97/113 MP: 16/16
 17067 | Lair:2   | Reached skill level 11 in Shapeshifting
 17509 | Lair:3   | Received a gift from Nemelex Xobeh
 17645 | Lair:3   | Found a staircase to the Snake Pit.
 17685 | Lair:3   | Reached ***** piety under Nemelex Xobeh
 18178 | Lair:3   | Reached skill level 12 in Shapeshifting
 18334 | Lair:4   | Received a gift from Nemelex Xobeh
 18577 | Lair:4   | Found a shimmering altar of Xom.
 18730 | Lair:4   | Received a gift from Nemelex Xobeh
 18742 | Lair:4   | Found a staircase to the Slime Pits.
 19288 | Lair:5   | Entered Level 5 of the Lair of Beasts
 19331 | Lair:5   | Reached skill level 14 in Shapeshifting
 19331 | Lair:5   | Reached XP level 14. HP: 121/121 MP: 17/17
 20000 | Lair:5   | Received a gift from Nemelex Xobeh
 20000 | Lair:5   | Found a runed translucent gate.
 20000 | Lair:5   | Found a runed translucent gate.
 20000 | Lair:5   | Found a runed translucent gate.
 20000 | Lair:5   | Noticed Anuggach's ghost (journeyman CoWr)
 20000 | Lair:5   | Noticed jt's ghost (journeyman CoGl)
 20251 | Lair:5   | Reached XP level 15. HP: 117/132 MP: 18/18
 21186 | Lair:5   | Found a burning altar of Makhleb.
 21464 | Lair:5   | Found a gateway to Hell.
 21832 | Lair:5   | Received a gift from Nemelex Xobeh
 22101 | Lair:5   | Killed Anuggach's ghost
 22106 | Lair:5   | Killed jt's ghost
 22569 | D:11     | Found a runed translucent gate.
 22569 | D:11     | Found a runed translucent gate.
 22572 | D:11     | Found a runed translucent gate.
 22572 | D:11     | Noticed Mll's ghost (journeyman MiFi)
 22573 | D:11     | Found the +0 cloak of the Thief {Quiet Slay-3 SInv Stlth+}
 22727 | D:11     | Killed Mll's ghost
 22728 | D:11     | Reached skill level 15 in Shapeshifting
 22737 | D:11     | Gained mutation: You are frail. (-10% HP) [a neqoxec]
 22759 | D:11     | Gained mutation: Your health recovers twice as slowly from
                  | being drained. [mutagenic glow]
 22833 | D:11     | Lost mutation: Your health recovers twice as slowly from
                  | being drained. [potion of mutation]
 22833 | D:11     | Lost mutation: You are frail. (-10% HP) [potion of
                  | mutation]
 22833 | D:11     | Gained mutation: You have large cloven feet. [potion of
                  | mutation]
 22929 | Orc:1    | Entered Level 1 of the Orcish Mines
 22977 | Orc:1    | Found Nadet's Weapon Boutique.
 23068 | Orc:2    | Entered Level 2 of the Orcish Mines
 23517 | Orc:2    | Found a flickering gateway to a bazaar.
 23521 | Orc:2    | Found a staircase to the Elven Halls.
 23530 | Bazaar   | Entered a bazaar
 23530 | Bazaar   | Found Mos Vorr's Armour Boutique.
 23530 | Bazaar   | Found Qian's Armour Shoppe.
 23530 | Bazaar   | Found Safo's Jewellery Shop.
 23596 | Bazaar   | Found Wutayz Fyl's Magic Scroll Emporium.
 23596 | Bazaar   | Found Alaudgh's Magic Scroll Shop.
 23620 | Bazaar   | Bought a scroll of fear for 36 gold pieces
 23625 | Bazaar   | Bought a scroll of enchant armour for 142 gold pieces
 23637 | Bazaar   | Bought a scroll of teleportation for 57 gold pieces
 23637 | Bazaar   | Bought a scroll of fear for 76 gold pieces
 23637 | Bazaar   | Bought a scroll of identify for 38 gold pieces
 23637 | Bazaar   | Bought a scroll of identify for 38 gold pieces
 23642 | Bazaar   | Reached XP level 16. HP: 144/144 MP: 19/19
 23726 | Orc:2    | Received a gift from Nemelex Xobeh
 24261 | Orc:1    | Received a gift from Nemelex Xobeh
 24873 | Orc:2    | Reached skill level 16 in Shapeshifting
 25022 | Orc:2    | Received a gift from Nemelex Xobeh
 25100 | Orc:2    | Found Cabyl's General Store.
 25101 | Orc:2    | Found Gymy's Book Boutique.
 25103 | Orc:2    | Found Qurop's Antique Armour Boutique.
 25103 | Orc:2    | Found Ixofupt's Antique Weapon Shop.
 25108 | Orc:2    | Bought a potion of heal wounds for 60 gold pieces
 25108 | Orc:2    | Bought a potion of heal wounds for 60 gold pieces
 25108 | Orc:2    | Bought a condenser vane for 480 gold pieces
 25108 | Orc:2    | Bought a potion of heal wounds for 60 gold pieces
 25108 | Orc:2    | Bought a potion of curing for 36 gold pieces
 25108 | Orc:2    | Bought a potion of curing for 36 gold pieces
 25108 | Orc:2    | Bought a scroll of enchant armour for 90 gold pieces
 25446 | D:12     | Reached ****** piety under Nemelex Xobeh
 25446 | D:12     | Received a gift from Nemelex Xobeh
 26510 | D:13     | Received a gift from Nemelex Xobeh
 26700 | D:13     | Received a gift from Nemelex Xobeh
 27863 | D:14     | Received a gift from Nemelex Xobeh
 28073 | D:14     | Reached XP level 17. HP: 154/154 MP: 20/22
 28785 | D:14     | Found a gate to the Vaults.
 29236 | D:14     | Received a gift from Nemelex Xobeh
 29459 | D:15     | Entered Level 15 of the Dungeon
 29481 | D:15     | Reached skill level 15 in Fighting
 30190 | D:15     | Found a radiant altar of Vehumet.
 30413 | D:15     | Received a gift from Nemelex Xobeh
 30440 | D:15     | Found a staircase to the Depths.
 30777 | D:15     | Found a glowing silver altar of Zin.
 30827 | D:15     | Found a glowing golden altar of the Shining One.
 30828 | D:15     | Found a white marble altar of Elyvilon.
 31196 | D:15     | Acquired the ring of Yskar {*Slow rElec rPois rF++}
 31197 | D:15     | Acquired 784 gold pieces
 31198 | D:15     | Acquired 727 gold pieces
 31200 | D:15     | Upgraded the game from 0.32-a0-814-g0968bab981 to
                  | 0.32-a0-818-gb728d0252e
 31362 | Snake:1  | Entered Level 1 of the Snake Pit
 31897 | Snake:1  | Received a gift from Nemelex Xobeh
 32287 | Snake:1  | Identified the serpent talisman "Teossiga" {Will+ Slay+2}
 32287 | Snake:1  | Noticed Aizul
 32299 | Snake:1  | Killed Aizul
 32557 | Snake:1  | Received a gift from Nemelex Xobeh
 33495 | Snake:2  | Reached skill level 17 in Shapeshifting
 33921 | Snake:3  | Received a gift from Nemelex Xobeh
 34774 | Snake:3  | Found Janadetra's Assorted Antiques.
 34939 | Snake:3  | Found Atunuth's Antique Armour Shop.
 34981 | Snake:3  | Found Zahuahat's Armour Boutique.
 34983 | Snake:3  | Received a gift from Nemelex Xobeh
 35649 | Snake:3  | Reached XP level 18. HP: 163/163 MP: 24/24
 35722 | Snake:3  | Reached skill level 18 in Shapeshifting
 35938 | Snake:3  | Received a gift from Nemelex Xobeh
 36169 | Snake:4  | Entered Level 4 of the Snake Pit
 36192 | Snake:4  | Found Laareket's Overcharged Wands.
 36484 | Snake:4  | Noticed Roxanne
 36632 | Snake:4  | Received a gift from Nemelex Xobeh
 36633 | Snake:4  | Identified the +1 scale mail "Qukiwof" {Str+4}
 36639 | Snake:4  | Noticed Vashnia
 36664 | Snake:4  | Killed Vashnia
 37401 | Snake:4  | Reached skill level 19 in Shapeshifting
 37602 | Snake:4  | Killed Roxanne
 38405 | Snake:4  | Received a gift from Nemelex Xobeh
 38704 | Snake:4  | Reached skill level 20 in Shapeshifting
 38783 | Snake:4  | Found an iron altar of Okawaru.
 38795 | Snake:4  | Got a serpentine rune of Zot
 39054 | Shoals:1 | Entered Level 1 of the Shoals
 39063 | Shoals:1 | Received a gift from Nemelex Xobeh
 39781 | Shoals:2 | Received a gift from Nemelex Xobeh
 39839 | Shoals:2 | Mangled by a faun

Illustrated notes

Levels and vault maps discovered:
D:1:      dpeg_arrival_shelter, layout_basic,
          shapermc_ecumenical_altar_mp_ritualfount, minmay_misc_feat_tiny
D:2:      layout_basic, uniq_crazy_yiuf_cottage, uniq_sigmund
D:3:      layout_basic, nicolae_tso_besieged_by_evil, serial_co_window_serial,
          co_window_of_opportunity_a, co_window_cross_1,
          co_window_of_opportunity_a, co_window_paths_a, co_window_corner_a,
          co_window_paths_b, co_window_2corner, co_window_broadway_a,
          co_window_corner_b, co_window_of_opportunity_c, co_window_corner_b,
          co_window_4corner_a, co_window_4corner_b, glass_columns_c,
          glass_columns_b, patterned_corridor
D:4:      layout_basic, minmay_temple_entry_fiery, minmay_misc_feat_doors,
          minivault_1
D:5:      layout_cave_pools, mainiacjoe_overflow_alcove_4,
          nicolae_dithmenos_the_darkroom, overflow_temple_1_default
D:6:      layout_rooms, st_stairs_8, minmay_misc_feat_square,
          nicolae_figureground_sparkle, uniq_edmund
D:7:      layout_basic, wad_floor_pattern_untrapped, uniq_menkaure, uniq_duvessa
D:8:      layout_basic
D:9:      wander_kiku_kobolds, layout_loops_cross, palyth_temple_overflow_mages,
          uniq_erica
D:10:     layout_roguey
D:11:     cheibrodos_helix_gallery, layout_basic, erik_lair_orcish_takeover,
          orc_david_3, ploomutoo_gammafunk_ghost_potion_laboratory,
          serial_shops, nicolae_square_shop, special_room [special_room_orc],
          david_defended_altar_orc
D:12:     layout_basic
D:13:     layout_layer_cave, drop_trap
D:14:     layout_layer_cave, hellmonk_vaults_keyhole, minmay_misc_feat_room
D:15:     hangedman_depths_entry_try_elsewhere_first, layout_loops_corners,
          good_gods_temple_1, nicolae_vehumet_altar_sigil
Temple:   nicolae_temple_bog_church
Lair:1:   layout_regular_city, st_stairs_8, uniq_jeremiah
Lair:2:   layout_gridlike, elwin_shoals_entry_rocks
Lair:3:   layout_roguey [special_room_bee], minmay_snake_entry_guardpost_medium,
          evilmike_ambush [evilmike_ambush_outer_doors,
          evilmike_ambush_inner_cross], serial_bayou_shore_a,
          infiniplex_staircase_pool_2, uniq_rupert
Lair:4:   layout_loops_ring, slime_entry_1, basic_altar
Lair:5:   evil_forest, layout_regular_city, gammafunk_ghost_cemetery,
          ice2_lemuel
Shoals:1: layout_shoals, nicolae_shoals_nautilus_by_nature
Shoals:2: layout_shoals, nicolae_shoals_siren_and_animal_friends, uniq_frances
Snake:1:  layout_onion, nicolae_integral_box, uniq_aizul
Snake:2:  layout_onion_interference, nicolae_snake_gridmaze_big_u,
          nicolae_snake_linked_coils, nicolae_snake_squiggles, library_closet
Snake:3:  layout_chambers, serial_shops, shop, minmay_shoptagon
Snake:4:  grunt_snake_rune_serpentine_throne, layout_gridlike,
          nicolae_shop_overcharged_wands, uniq_vashnia, uniq_roxanne
Orc:1:    layout_caves, serial_shops,
          nicolae_shop_temple_entry_statues_fountains
Orc:2:    st_orc_congregation, layout_diamond_mine, serial_shops,
          bzr_entry_customers

Skill      XL: |  1  2  3  4  5  6  7  8  9 10 11 12 13 14 15 16 17 18 |
---------------+-------------------------------------------------------+-----
Unarmed Combat | 3 5 6 7 9 10 12 15 16 17 18 | 18.4
Shapeshifting  | 1 5 7 8 10 14 15 16 17 20 | 20.8
Dodging        | 4 5 6 7 8 9 |  9.2
Invocations    | 4 5 6 9 |  9.0
Fighting       | 5 8 10 11 13 14 15 | 15.3
Stealth        | |  4.9

Action                     |  1- 3 |  4- 6 |  7- 9 | 10-12 | 13-15 | 16-18 || total
---------------------------+-------+-------+-------+-------+-------+-------++-------
  Melee: Unarmed           |   136 |   161 |   303 |   872 |   687 |  1162 ||  3321
         Tailslap          |    13 |    18 |    41 |   174 |   109 |    70 ||   425
         Punch             |     2 |     4 |    16 |       |    30 |    46 ||    98
         Constrict         |       |       |       |       |    18 |   145 ||   163
         Kick              |       |       |       |       |       |    81 ||    81
 Invoke: Draw Destruction  |       |       |     6 |     9 |    17 |    37 ||    69
         Draw Summoning    |       |       |       |     2 |       |     6 ||     8
         Draw Escape       |       |       |       |     5 |     8 |     5 ||    18
         Stack Five        |       |       |       |       |       |     2 ||     2
         Draw Stack        |       |       |       |       |       |     2 ||     2
Ability: Nullifying Breath |       |       |     4 |     1 |     1 |       ||     6
  Evoke: Wand              |       |       |    13 |     4 |     5 |     1 ||    23
         Box of beasts     |       |       |       |       |     1 |       ||     1
    Use: Scroll            |     1 |     6 |     5 |     5 |    14 |     4 ||    35
         Potion            |     1 |       |     3 |     1 |     6 |     9 ||    20
   Stab: Sleeping          |     5 |     6 |     4 |       |     4 |     6 ||    25
         Distracted        |       |     1 |     2 |       |     1 |     4 ||     8
 Armour: Skin              |   101 |    90 |   227 |   383 |   348 |   878 ||  2027
  Dodge: Dodged            |    91 |    85 |   217 |   884 |   631 |   917 ||  2825
  Block: Other             |       |       |       |       |       |   194 ||   194
         Reflection        |       |       |       |       |       |    27 ||    27
   Form: Flux              |       |       |     1 |       |     1 |       ||     2
         Blade             |       |       |       |       |     3 |       ||     3
         Serpent           |       |       |       |       |     1 |     2 ||     3
         Statue            |       |       |       |       |       |     1 ||     1

Table legend: (Time is in decaauts)
 A = Elapsed time spent in this place.
 B = Non-inter-level travel time spent in this place.
 C = Inter-level travel time spent in this place.
 D = Time resting spent in this place.
 E = Time spent auto-exploring this place.
 F = Levels seen in this place.
 G = Mean time per level.
                   A        B        C        D        E       F      G
               +--------+--------+--------+--------+--------+-----+--------+
         Total |  40106 |  37090 |   3016 |   8988 |  21922 |  30 | 1336.9 |
       Dungeon |  19793 |  18102 |   1691 |   3372 |  11666 |  15 | 1319.5 |
        Temple |     29 |      1 |     28 |      0 |      0 |   1 |   29.0 |
          Lair |   8596 |   7986 |    610 |   2743 |   3872 |   5 | 1719.2 |
        Shoals |   1212 |   1179 |     33 |     19 |    847 |   2 |  606.0 |
     Snake Pit |   8043 |   7564 |    479 |   2124 |   4431 |   4 | 2010.8 |
  Orcish Mines |   2315 |   2142 |    173 |    729 |   1008 |   2 | 1157.5 |
        Bazaar |    113 |    113 |      0 |      0 |     97 |   1 |  113.0 |
               +--------+--------+--------+--------+--------+-----+--------+

Top non-repeatable levels by time:
 Snake:4: 3184 daAuts
    D:11: 2747 daAuts
  Lair:5: 2403 daAuts
 Snake:3: 2321 daAuts
  Lair:2: 2092 daAuts
    D:14: 1797 daAuts
 Snake:1: 1689 daAuts
     D:9: 1620 daAuts
    D:15: 1527 daAuts
    D:10: 1513 daAuts
  Lair:3: 1453 daAuts
  Lair:4: 1365 daAuts
    D:13: 1353 daAuts
   Orc:2: 1335 daAuts
  Lair:1: 1282 daAuts
